 Dungeon Crawl Stone Soup version 0.27-a0-366-g8badd94918 (webtiles) character file.

Game seed: 16681438167757067030

163 jasper the Insei (level 5, 0/38 HPs)
             Began as a Demonspawn Warper on Feb 17, 2021.
             Succumbed to an orc's poison
             ... on level 2 of the Dungeon.
             The game lasted 00:03:45 (3540 turns).

jasper the Insei (Demonspawn Warper)                Turns: 3540, Time: 00:03:46

Health: 0/38       AC:  5    Str: 16 (18) XL:     5   Next: 20%
Magic:  8/8        EV: 11    Int: 12 (14) God:
Gold:   132        SH:  4    Dex: 12 (13) Spells: 8/8 levels left

rFire    . . .     SeeInvis .   a - +0 spear
rCold    . . .     Faith    .   (no shield)
rNeg     . . .     Spirit   .   b - +0 leather armour
rPois    .         Reflect  .   (no helmet)
rElec    .         Harm     .   (no cloak)
rCorr    .         Rampage  .   (no gloves)
Will     .....                  (no boots)
Stlth    +.........             (no amulet)
HPRegen  0.12/turn              h - +6 ring of strength
MPRegen  0.11/turn              (no ring)

@: mighty, lethally poisoned (0 -> -1), attractive, hasted, very quick
A: icy blue scales 1, powered by pain 1, condensation shield
a: no special abilities


You were on level 2 of the Dungeon.
You visited 1 branch of the dungeon, and saw 3 of its levels.

You collected 132 gold pieces.

Inventory:

Hand Weapons
 a - a +0 spear (weapon)
Missiles
 e - 5 boomerangs of dispersal
 j - 82 stones (quivered)
Armour
 b - a +0 leather armour (worn)
Jewellery
 h - a +6 ring of strength (left hand)
Scrolls
 c - a scroll of fear {unknown}
 d - 2 scrolls of blinking
 f - 2 scrolls of teleportation
 i - a scroll of magic mapping {unknown}
 m - a scroll of enchant armour {unknown}
 o - 3 scrolls of identify {unknown}
Potions
 g - a potion of might
 n - a potion of haste


   Skills:
 - Level 2.0 Fighting
 + Level 5.0 Polearms
 - Level 0.8 Throwing
 - Level 0.8 Armour
 - Level 1.7 Dodging
 - Level 2.0 Spellcasting
 - Level 2.6 Translocations


You had 8 spell levels left.
You didn't know any spells.
Your spell library contained the following spells:

 Spells                   Type           Power        Failure   Level
 Blink                    Tloc           N/A          17%         2
 Gell's Gravitas          Tloc           3%           32%         3
 Lesser Beckoning         Tloc           3%           32%         3
 Teleport Other           Tloc           7%           32%         3
 Manifold Assault         Tloc           7%           73%         4


Dungeon Overview and Level Annotations

Branches:
Dungeon (3/15)

Altars:


Innate Abilities, Weirdness & Mutations

You are partially covered in icy blue scales. (AC +2)
You sometimes gain a little power by taking damage.
A meltable shield of frost defends you. (SH +4)


Message History

You feel weakened.
You feel dopey.
You feel clumsy.
You closely miss the hobgoblin.
* * * LOW HITPOINT WARNING * * *
You feel sick. The hobgoblin hits you with a +0 club.
* * * LOW HITPOINT WARNING * * *
You take 2 damage, and have 7/38 hp.
You puncture the hobgoblin!
You kill the hobgoblin!
* * * LOW HITPOINT WARNING * * *
You feel sick.
Found a scroll labelled NAGRAC GENA.
Okay, then.
* * * LOW HITPOINT WARNING * * *
You feel sick.
You take 1 damage, and have 6/38 hp.
* * * LOW HITPOINT WARNING * * *
You feel sick.
You take 1 damage, and have 5/38 hp.
* * * LOW HITPOINT WARNING * * *
You feel sick.
You take 1 damage, and have 4/38 hp.
* * * LOW HITPOINT WARNING * * *
You feel sick.
You take 1 damage, and have 3/38 hp.
* * * LOW HITPOINT WARNING * * *
You feel sick.
* * * LOW HITPOINT WARNING * * *
You feel sick.
There is a stone staircase leading up here.
You take 1 damage, and have 2/38 hp.
You climb upwards.
There is a stone staircase leading down, spattered with blood here.
There is a lethal amount of poison in your body!
* * * LOW HITPOINT WARNING * * *
You feel sick.
You take 1 damage, and have 1/38 hp.
* * * LOW HITPOINT WARNING * * *
You feel sick.
You take 1 damage, and have 1/38 hp.
You die...

#.# ############'##
#.............#
#.............################
#............)'..............#
#.............##############.#
############### #...
##############################..#
................@.............>.#
.....>.......###.##############.#
.............# #.# #..
.............###.################
.##+#######......................
.##.## #.####.##############..
.##..# #.# #.# #........#...#
.....## #.# #.# #.######.#.#<#
......# #.# #.# #.#....#.#....


There were no monsters in sight!

Vanquished Creatures
  Jessica (D:3)
  A gnoll (D:1)
  4 adders (D:2)
  2 worms (D:2)
  3 dart slugs
  A leopard gecko (D:1)
  4 orcs (D:3)
  2 ball pythons (D:1)
  5 giant cockroaches (D:1)
  7 goblins
  5 hobgoblins
  8 jackals
  9 bats
  9 frilled lizards
  7 kobolds
  9 rats
77 creatures vanquished.

Notes
Turn   | Place    | Note
-------+----------+-------------------------------------------
     0 | D:1      | jasper the Demonspawn Warper began the quest for the Orb.
     0 | D:1      | Reached XP level 1. HP: 16/16 MP: 3/3
    39 | D:1      | Reached skill level 2 in Polearms
   116 | D:1      | Gained mutation: A meltable shield of frost defends you.
                  | (SH +4) [demonic ancestry]
   116 | D:1      | Reached XP level 2. HP: 16/22 MP: 5/5
   339 | D:1      | Reached skill level 3 in Polearms
   482 | D:1      | Gained mutation: You are partially covered in icy blue
                  | scales. (AC +2) [demonic ancestry]
   482 | D:1      | Reached XP level 3. HP: 14/27 MP: 6/6
  1847 | D:2      | Reached skill level 4 in Polearms
  1847 | D:2      | Gained mutation: You sometimes gain a little power by
                  | taking damage. [demonic ancestry]
  1847 | D:2      | Reached XP level 4. HP: 27/33 MP: 7/7
  3475 | D:3      | Noticed Jessica
  3491 | D:3      | Killed Jessica
  3492 | D:3      | Reached XP level 5. HP: 18/38 MP: 8/8
  3496 | D:3      | Reached skill level 5 in Polearms
  3528 | D:2      | HP: 1/38 [poisoned by an orc]
  3534 | D:2      | HP: 1/38 [poisoned by an orc]
  3540 | D:2      | Succumbed to an orc's poison

Illustrated notes

Levels and vault maps discovered:
D:1:      dpeg_arrival_chambers_temple_mockup, layout_basic
D:2:      layout_basic, minmay_lizard_pond
D:3:      layout_rooms, uniq_purgy, uniq_grinder, uniq_jessica

Skill      XL: |  1  2  3  4  5 |
---------------+----------------+-----
Polearms       | 2 3 4 5 |  5.0
Fighting       | |  2.0
Throwing       | |  0.8
Armour         | |  0.8
Dodging        | |  1.7
Spellcasting   | |  2.0
Translocations | |  2.6

Action                   |  1- 3 |  4- 6 || total
-------------------------+-------+-------++-------
Melee: Spear             |   197 |   112 ||   309
Throw: Stone             |       |     2 ||     2
  Use: Potion            |     1 |     4 ||     5
       Scroll            |       |     1 ||     1
 Stab: Sleeping          |     2 |       ||     2
Armor: Leather armour    |    31 |    15 ||    46
Dodge: Dodged            |    99 |    37 ||   136
Block: Other             |    16 |    12 ||    28

Table legend: (Time is in decaauts)
 A = Elapsed time spent in this place.
 B = Non-inter-level travel time spent in this place.
 C = Inter-level travel time spent in this place.
 D = Time resting spent in this place.
 E = Time spent auto-exploring this place.
 F = Levels seen in this place.
 G = Mean time per level.
                   A        B        C        D        E       F      G
               +--------+--------+--------+--------+--------+-----+--------+
         Total |   3503 |   3454 |     49 |    453 |   2471 |   3 | 1167.7 |
       Dungeon |   3503 |   3454 |     49 |    453 |   2471 |   3 | 1167.7 |
               +--------+--------+--------+--------+--------+-----+--------+

Top non-repeatable levels by time:
     D:2: 1953 daAuts
     D:1: 1396 daAuts
     D:3: 154 daAuts
